 Dungeon Crawl Stone Soup version 0.29-a0-8-g0446c0dae4 (webtiles) character file.

Game seed: 16569144837088604924

430 crazypyro the Chopper (level 6, 0/56 HPs)
             Began as a Minotaur Fighter on Jan 27, 2022.
             Was an Initiate of Okawaru.
             Killed by vampiric draining
             ... invoked by a vampire
              (12 damage)
             ... on level 7 of the Dungeon.
             The game lasted 00:07:14 (3891 turns).

crazypyro the Chopper (Minotaur Fighter)            Turns: 3891, Time: 00:07:15

Health: 0/56       AC: 10    Str: 21    XL:     6   Next: 66%
Magic:  3/5        EV:  9    Int:  5    God:    Okawaru [......]
Gold:   248        SH:  4    Dex:  9    Spells: 5/5 levels left

rFire   + . .      SeeInvis .   a - +1 war axe
rCold   . . .      Faith    .   c - +0 buckler
rNeg    . . .      Spirit   .   b - +0 scale mail
rPois   .          Reflect  .   (helmet restricted)
rElec   .          Harm     .   (no cloak)
rCorr   .          Rampage  .   i - +1 pair of gloves
Will    .....                   (no boots)
Stlth   ..........              (no amulet)
HPRegen 0.18/turn               k - ring of flight
MPRegen 0.09/turn               u - ring of protection from fire

@: flying
A: horns 2, retaliatory headbutt, hooves 1, shaggy fur 1, weak 1
a: Renounce Religion


You were on level 7 of the Dungeon.
You worshipped Okawaru.
Okawaru was noncommittal.
You visited 1 branch of the dungeon, and saw 6 of its levels.

You collected 248 gold pieces.

Inventory:

Hand Weapons
 a - a +1 war axe (weapon)
 h - a +2 dagger of flaming
 r - a +2 hand axe of electrocution
Armour
 b - a +0 scale mail (worn)
 c - a +0 buckler (worn)
 i - a +1 pair of gloves (worn)
Jewellery
 g - a +4 ring of evasion
 j - a ring of protection from cold
 k - a ring of flight (left hand)
 m - a +6 ring of intelligence
 u - a ring of protection from fire (right hand)
Wands
 q - a wand of flame (8)
 s - a wand of polymorph (9)
Scrolls
 t - a scroll of noise {unknown}
Potions
 d - a potion of might
 e - 3 potions of invisibility
 f - 2 potions of flight
 l - 2 potions of haste {unknown}
 n - a potion of attraction {unknown}
 o - 3 potions of curing
 p - 3 potions of heal wounds {unknown}
 w - a potion of lignification {unknown}
 x - a potion of cancellation {unknown}


   Skills:
 + Level 5.2 Fighting
 * Level 7.8 Axes
 - Level 3.6 Armour
 - Level 3.6 Shields


You had 5 spell levels left.
You didn't know any spells.
Your spell library contained the following spells:

 Spells                   Type           Power      Damage    Failure   Level
 Dazzling Flash           Conj/Hex       0%         N/A       99%         3
 Agony                    Necr           0%         N/A       100%        5
 Silence                  Hex/Air        0%         N/A       100%        5


Dungeon Overview and Level Annotations

Branches:
Dungeon (5/15)
 Temple: D:4-7

Altars:
Elyvilon
Fedhas
Okawaru
Ru
Trog
Uskayaw
Vehumet
Wu Jian
Xom
Zin


Innate Abilities, Weirdness & Mutations

You have a pair of horns on your head.
You reflexively headbutt those who attack you in melee.
You have large cloven feet.
You are covered in fur. (AC +1)
You are weak. (Str -2)


Message History

You slash the vampire!
The vampire is moderately damaged.
The vampire hits you but does no damage.
The vampire barely misses you.
You hit the vampire. You kick the vampire, but do no damage.
The vampire is heavily damaged.
The vampire barely misses you.
The vampire bites you but does no damage.
You hit the vampire but do no damage. Your kick misses the vampire.
The vampire is heavily damaged.
The vampire hits you but does no damage.
The vampire bites you but does no damage.
You barely miss the vampire. You kick the vampire, but do no damage.
The vampire is heavily damaged.
You hit the vampire but do no damage. Your kick misses the vampire.
The vampire is heavily damaged.
The vampire completely misses you. The vampire bites you.
The vampire draws strength from your injuries!
You slash the vampire! Your kick misses the vampire.
The vampire is severely damaged.
The vampire draws life force from you!
The vampire is healed by the life force!
You are too injured to fight recklessly!
You are too injured to fight recklessly!
You are too injured to fight recklessly!
You hit the vampire.
The vampire is heavily damaged.
The vampire gestures wildly while chanting.
The vampire flickers and vanishes!
Deactivating autopickup; reactivate with Ctrl-A.
You barely miss something. Your kick misses something.
Your headbutt misses something. Something hits you. Something bites you.
* * * LOW HITPOINT WARNING * * *
Something draws strength from your injuries!
You slash something! Your kick misses something.
Something hits you but does no damage. Something bites you but does no damage.
You miss something. Your kick misses something. Your headbutt misses something.
You feel like a meek peon again. Something draws life force from you!
You die...

#.# ###..< #.# ..?...
#.# .....### #### #.#
#>..#.. ..# #.#
#...#.# #.# #.#
#...#.# #.###.####
##..{.?# #........##
#....@.# #..........
#......#####..########
................#
.##.....###.#####
#.....###.#
...........#
.############


There were no monsters in sight!

Vanquished Creatures
  An ice beast (D:5)
  A black bear (D:5)
  A hound (D:4)
  A bullfrog zombie (D:4)
  An iguana (D:4)
  Ijyb (D:4)
  Robin (D:2)
  2 adders
  A worm (D:2)
  4 dart slugs
  7 orcs
  12 ball pythons
  5 endoplasms
  16 goblins
  5 hobgoblins
  3 jackals (D:1)
  2 quokkas
  2 bats
  3 frilled lizards
  A jackal skeleton (D:4)
  11 kobolds
  3 rats
  A spectral kobold (D:1)
85 creatures vanquished.

Notes
Turn   | Place    | Note
-------+----------+-------------------------------------------
     0 | D:1      | crazypyro the Minotaur Fighter began the quest for the Orb.
     0 | D:1      | Reached XP level 1. HP: 19/19 MP: 0/0
    75 | D:1      | Reached skill level 3 in Axes
   218 | D:1      | Reached XP level 2. HP: 26/26 MP: 1/1
   780 | D:1      | Reached skill level 4 in Axes
  1003 | D:1      | Found a faded altar of an unknown god.
  1342 | D:2      | Reached XP level 3. HP: 31/31 MP: 2/2
  1463 | D:2      | Noticed Robin
  1846 | D:2      | Reached skill level 5 in Axes
  1848 | D:2      | Killed Robin
  1902 | D:2      | Reached XP level 4. HP: 38/39 MP: 3/3
  2246 | D:3      | Found a hide-covered altar of Uskayaw.
  2596 | D:3      | Found a radiant altar of Vehumet.
  2679 | D:3      | Found a glowing silver altar of Zin.
  2756 | D:3      | Found a bloodstained altar of Trog.
  2873 | D:4      | Noticed Ijyb
  2890 | D:4      | Reached skill level 6 in Axes
  2894 | D:4      | Killed Ijyb
  2895 | D:4      | Reached XP level 5. HP: 43/46 MP: 4/4
  2988 | D:4      | Found a shimmering altar of Xom.
  3136 | D:4      | Found an iron altar of Okawaru.
  3140 | D:4      | Became a worshipper of Warmaster Okawaru
  3144 | D:4      | Found a sacrificial altar of Ru.
  3149 | D:4      | Found a white marble altar of Elyvilon.
  3298 | D:4      | Found an ornate altar of the Wu Jian Council.
  3606 | D:4      | Gained mutation: You are frail. (-10% HP) [potion of
                  | mutation]
  3606 | D:4      | Lost mutation: You are frail. (-10% HP) [potion of
                  | mutation]
  3606 | D:4      | Gained mutation: You are somewhat resistant to further
                  | mutation. [potion of mutation]
  3607 | D:4      | Lost mutation: You are somewhat resistant to further
                  | mutation. [potion of mutation]
  3607 | D:4      | Gained mutation: You have large cloven feet. [potion of
                  | mutation]
  3607 | D:4      | Gained mutation: You are covered in fur. (AC +1) [potion of
                  | mutation]
  3607 | D:4      | Gained mutation: You are weak. (Str -2) [potion of
                  | mutation]
  3764 | D:5      | Entered Level 5 of the Dungeon
  3767 | D:5      | Noticed an ice beast
  3779 | D:5      | Killed an ice beast
  3780 | D:5      | Reached skill level 7 in Axes
  3780 | D:5      | Reached XP level 6. HP: 55/55 MP: 5/5
  3795 | D:5      | Reached * piety under Okawaru
  3796 | D:5      | Reached skill level 5 in Fighting
  3855 | D:5      | Found a blossoming altar of Fedhas.
  3855 | D:5      | You are sucked into a shaft and drop 2 floors!
  3874 | D:7      | Noticed a vampire
  3891 | D:7      | Killed from afar by a vampire

Illustrated notes

Levels and vault maps discovered:
D:1:      psy_arrival_conway, layout_loops_corners,
          dreamdust_ecumenical_altar_drowned_temple
D:2:      layout_rooms, uniq_robin
D:3:      layout_basic, mainiacjoe_overflow_alcove_2, zin_treasury,
          amcnicky_altar_gilded, nicolae_vehumet_altar_sigil,
          serial_corexii_hall, corexii_hall_statues_i,
          chequers_hall_statues_corner_a, chequers_hall_statues_corner_a
D:4:      layout_gridville, grunt_temple_overflow_diamond,
          mainiacjoe_overflow_surrounded_room, dk_noncrumbling_2,
          minmay_ruined_shrine, uniq_ijyb
D:5:      layout_gridville, mainiacjoe_overflow_small_starburst,
          grunt_gozag_statues, temple_green
D:7:      layout_loops_ring, enter_bailey_7, minivault_19

Skill      XL: |  1  2  3  4  5  6 |
---------------+-------------------+-----
Axes           | 3 4 5 6 7 |  7.8
Fighting       | 4 5 |  5.2
Armour         | |  3.6
Shields        | |  3.6

Action                   |  1- 3 |  4- 6 || total
-------------------------+-------+-------++-------
Melee: War axe           |    82 |   115 ||   197
       Headbutt          |     6 |    10 ||    16
       Kick              |       |     7 ||     7
Invok: Heroism           |       |     1 ||     1
  Use: Scroll            |     3 |     6 ||     9
       Potion            |       |     2 ||     2
Armor: Scale mail        |    59 |    62 ||   121
Dodge: Dodged            |    43 |    49 ||    92
Block: Buckler           |    22 |    20 ||    42

Table legend: (Time is in decaauts)
 A = Elapsed time spent in this place.
 B = Non-inter-level travel time spent in this place.
 C = Inter-level travel time spent in this place.
 D = Time resting spent in this place.
 E = Time spent auto-exploring this place.
 F = Levels seen in this place.
 G = Mean time per level.
                   A        B        C        D        E       F      G
               +--------+--------+--------+--------+--------+-----+--------+
         Total |   3943 |   3855 |     88 |      0 |   3250 |   6 |  657.2 |
       Dungeon |   3943 |   3855 |     88 |      0 |   3250 |   6 |  657.2 |
               +--------+--------+--------+--------+--------+-----+--------+

Top non-repeatable levels by time:
     D:1: 1309 daAuts
     D:4: 1006 daAuts
     D:3: 991 daAuts
     D:2: 508 daAuts
     D:5: 92 daAuts
     D:7: 35 daAuts
